 Dungeon Crawl Stone Soup version 0.29.1-15-g9cfb28693d (webtiles) character file.

Game seed: 5504125721480186651

119 Artool the Trooper (level 4, -2/37 HPs)
             Began as a Demonspawn Fighter on Apr 11, 2023.
             Frozen to death by an endoplasm (4 damage)
             ... on level 3 of the Dungeon.
             The game lasted 00:03:06 (2663 turns).

Artool the Trooper (Demonspawn Fighter)             Turns: 2663, Time: 00:03:07

Health: -2/37      AC:  8    Str: 19    XL:     4   Next: 74%
Magic:  4/4        EV:  9    Int:  9    God:
Gold:   148        SH:  0    Dex: 12    Spells: 3/3 levels left

rFire   . . .      SeeInvis .   a - +0 flail
rCold   . . .      Faith    .   c - +0 buckler
rNeg    . . .      Spirit   .   b - +0 scale mail
rPois   .          Reflect  .   (no helmet)
rElec   .          Harm     .   (no cloak)
rCorr   .          Rampage  .   (no gloves)
Will    .....                   (no boots)
Stlth   ..........              (no amulet)
HPRegen 0.12/turn               (no ring)
MPRegen 0.09/turn               (no ring)

@: confused
A: yellow scales 1, demonic guardian 1, weakness stinger 1
a: no special abilities


You were on level 3 of the Dungeon.
You visited 1 branch of the dungeon, and saw 3 of its levels.

You collected 148 gold pieces.

Inventory:

Hand Weapons
 a - a +0 flail (weapon)
Missiles
 k - 4 javelins (quivered)
Armour
 b - a +0 scale mail (worn)
 c - a +0 buckler (worn)
Jewellery
 o - an amulet of guardian spirit
Scrolls
 e - 4 scrolls of teleportation {unknown}
 f - 2 scrolls of poison {unknown}
 g - a scroll of immolation {unknown}
 i - a scroll of torment {unknown}
 j - 2 scrolls of identify {unknown}
 m - a scroll of noise {unknown}
Potions
 d - a potion of might
 h - a potion of flight {unknown}
 l - 2 potions of haste {unknown}
 n - a potion of brilliance {unknown}


   Skills:
 + Level 3.9 Fighting
 + Level 2.9 Maces & Flails
 + Level 3.5 Armour
 - Level 3.0 Shields


You had 3 spell levels left.
You didn't know any spells.
Your spell library was empty.

Dungeon Overview and Level Annotations

Branches:
Dungeon (3/15)

Altars:
Uskayaw
Yredelemnul


Innate Abilities, Weirdness & Mutations

You are partially covered in yellow scales. (AC +2)
A weak demonic guardian rushes to your aid.
You have a small tail.


Message History

The endoplasm barely misses you. The orc barely misses you.
The orc closely misses you.
You hit something.
Your tail-slap misses something.
The endoplasm barely misses you. Something hits you but does no damage.
The orc hits you but does no damage. The orc barely misses you.
You closely miss something.
Your tail-slap misses something.
The endoplasm freezes you.
You are frozen.
You block something's attack. The orc barely misses you.
The orc hits you with a +0 dagger.
You miss something.
The endoplasm hits you but does no damage.
You block something's attack. You block the orc's attack.
The orc hits you but does no damage. Something hits you but does no damage.
The endoplasm freezes you.
You are frozen.
The orc hits you with a +0 club. The orc hits you but does no damage.
You hit something. The endoplasm freezes you.
You are frozen.
Something hits you but does no damage. You block the orc's attack.
The orc hits you with a +0 dagger.
* * * LOW HITPOINT WARNING * * *
You closely miss something. The endoplasm hits you.
* * * LOW HITPOINT WARNING * * *
A demonic guardian appears!
Something hits you but does no damage. The orc hits you but does no damage. x2
Unknown command.
You barely miss something.
You hear some strange, mumbled words.
You are confused.
The orc hits you but does no damage. x2; The endoplasm hits you.
* * * LOW HITPOINT WARNING * * *
You barely miss something. Something hits you.
* * * LOW HITPOINT WARNING * * *
The orc hits you with a +0 club.
* * * LOW HITPOINT WARNING * * *
The orc hits you with a +0 dagger.
* * * LOW HITPOINT WARNING * * *
The endoplasm freezes you.
You are frozen.
You die...

#............................
..#####....#........###..........
...........'..........#..........
.######....##....####.##.........
....................#.######.....
........###......................
..............#...#.#............
.......####....o{J..#............
.[.....# #.....@o..#..........##
.......# #.....5<..#...........#
.......####.........#......)....#
.......#........................#
.....###............#...........#
.....# #............#..........##
...########....................#
.......# #....................#
##.##### #....................#


You could see 2 orcs, an endoplasm (ally target) and a friendly white imp
(summoned).

Vanquished Creatures
  An orc priest (D:3)
  An adder (D:2)
  2 worms (D:2)
  A dart slug (D:1)
  4 orcs
  5 bats
  5 endoplasms
  3 giant cockroaches (D:1)
  7 goblins
  7 hobgoblins
  2 kobolds (D:1)
  4 quokkas (D:1)
  6 ball pythons
  9 frilled lizards
  6 rats
63 creatures vanquished.

Vanquished Creatures (collateral kills)
  A worm (D:2)
1 creature vanquished.

Grand Total: 64 creatures vanquished

Notes
Turn   | Place    | Note
-------+----------+-------------------------------------------
     0 | D:1      | Artool the Demonspawn Fighter began the quest for the Orb.
     0 | D:1      | Reached XP level 1. HP: 18/18 MP: 1/1
   232 | D:1      | Gained mutation: You have a small tail. [demonic ancestry]
   232 | D:1      | Reached XP level 2. HP: 23/24 MP: 2/2
   840 | D:1      | Found a faded altar of an unknown god.
   848 | D:1      | Gained mutation: You are partially covered in yellow
                  | scales. (AC +2) [demonic ancestry]
   848 | D:1      | Reached XP level 3. HP: 25/29 MP: 3/3
  1360 | D:2      | You fall into a shaft and drop 1 floor!
  1419 | D:2      | Gained mutation: A weak demonic guardian rushes to your
                  | aid. [demonic ancestry]
  1419 | D:2      | Reached XP level 4. HP: 12/36 MP: 4/4
  2601 | D:3      | Found a hide-covered altar of Uskayaw.
  2625 | D:3      | Found a basalt altar of Yredelemnul.
  2663 | D:3      | Frozen to death by an endoplasm

Illustrated notes

Levels and vault maps discovered:
D:1:      psy_arrival_whirlpool, layout_loops_ring,
          ebering_ecumenical_altar_abandoned, minmay_surrounded
D:2:      layout_basic
D:3:      layout_basic, nicolae_uskayaw_murder_on_the_dancefloor,
          mainiacjoe_overflow_tiny_flanked, old_standard_altar,
          hangedman_ru_absence

Skill      XL: |  1  2 |
---------------+-------+-----
Maces & Flails | 2 |  2.9
Shields        | 3 |  3.0
Armour         | 3 |  3.5
Fighting       | |  3.9

Action                   |  1- 3 |  4- 6 || total
-------------------------+-------+-------++-------
Melee: Flail             |   133 |    68 ||   201
       Tailslap          |     8 |     7 ||    15
Armor: Scale mail        |    60 |    53 ||   113
Dodge: Dodged            |    64 |    26 ||    90
Block: Buckler           |    33 |    24 ||    57
